 Dungeon Crawl Stone Soup version 0.27.1-3-gb3d3a73c9e (webtiles) character file.

Game seed: 9394316585980355888

37 Atelerd the Digger (level 3, -1/21 HPs)
             Began as an Octopode Earth Elementalist on Oct 31, 2021.
             Slain by an iguana (12 damage)
             ... on level 2 of the Dungeon.
             The game lasted 00:00:38 (1432 turns).

Atelerd the Digger (Octopode Earth Elementalist)    Turns: 1432, Time: 00:00:39

Health: -1/21      AC:  1    Str:  7    XL:     3   Next: 39%
Magic:  3/6        EV: 13    Int: 18    God:
Gold:   45         SH:  0    Dex: 12    Spells: 6/7 levels left

rFire    . . .     SeeInvis .   (no weapon)
rCold    . . .     Faith    .   (no shield)
rNeg     . . .     Spirit   .   (helmet restricted)
rPois    .         Reflect  .   (no amulet)
rElec    .         Harm     .   (no ring)
rCorr    .         Rampage  .   (no ring)
Will     .....                  (no ring)
Stlth    +++.......             (no ring)
HPRegen  0.07/turn              (no ring)
MPRegen  0.10/turn              (no ring)
                                (no ring)
                                (no ring)

@: no status effects
A: almost no armour, amphibious, 8 rings, camouflage 1, gelatinous body 1,
(nimble swimmer 1), tentacles
a: no special abilities


You were on level 2 of the Dungeon.
You visited 1 branch of the dungeon, and saw 2 of its levels.

You collected 45 gold pieces.

Inventory:

Missiles
 b - 14 stones
Jewellery
 e - a ring of ice
Scrolls
 c - a scroll of teleportation {unknown}
 d - a scroll of magic mapping {unknown}
Potions
 a - a potion of haste {unknown}


   Skills:
 - Level 2.0 Dodging
 - Level 2.6 Stealth
 + Level 2.5 Spellcasting
 + Level 1.9 Transmutations
 + Level 3.5 Earth Magic


You had 6 spell levels left.
You knew the following spells:

 Your Spells              Type           Power      Damage    Failure   Level
a - Sandblast             Erth           30%        2d9       4%          1

Your spell library contained the following spells:

 Spells                   Type           Power      Damage    Failure   Level
 Passwall                 Tmut/Erth      10%        N/A       9%          2
 Stone Arrow              Conj/Erth      16%        3d8       26%         3
 Ignite Poison            Fire/Tmut/Pois 4%         N/A       36%         3
 Mephitic Cloud           Conj/Pois/Air  2%         N/A       45%         3
 Petrify                  Tmut/Erth      12%        N/A       50%         4
 Bolt of Magma            Conj/Fire/Erth 3%         4d5       96%         5


Dungeon Overview and Level Annotations

Branches:
Dungeon (2/15)

Altars:


Innate Abilities, Weirdness & Mutations

You cannot wear most types of armour.
You are amphibious.
You can wear up to eight rings at the same time.
Your skin changes colour to match your surroundings (Stealth+).
Your rubbery body absorbs attacks. (AC +1, EV +1)
((You are camouflaged near water. (Stealth+)))
You have tentacles for arms and can constrict up to eight enemies at once.


Message History

You tentacle-slap the ball python but do no damage.
You grab the ball python.
You constrict the ball python, but do no damage.
The ball python bites you. The ball python constricts you.
The blast of sand hits the ball python!
You kill the ball python!
Key pressed, stopping explore.
No target in view!
Key pressed, stopping explore.
You can't see any susceptible monsters within range! (Use Z to cast anyway.) No target in view!
You can't see any susceptible monsters within range! (Use Z to cast anyway.) No target in view!
You now have 45 gold pieces (gained 9).
Key pressed, stopping explore.
Key pressed, stopping explore.
You can't see any susceptible monsters within range! (Use Z to cast anyway.) No target in view!
No target in view!
An iguana comes into view.
You see here a +0 scale mail.
You can't see any susceptible monsters within range! (Use Z to cast anyway.)
An iguana is nearby!
You can't see any susceptible monsters within range! (Use Z to cast anyway.)
An iguana is nearby!
The blast of sand hits the iguana but does no damage.
The iguana hisses angrily.
An iguana is nearby!
The blast of sand hits the iguana!
The iguana is heavily wounded.
The iguana bites you.
You tentacle-slap the iguana but do no damage.
Your grab misses the iguana.
The iguana is heavily wounded.
The iguana bites you!
The blast of sand hits the iguana.
The iguana is heavily wounded.
The iguana bites you!
Ouch! That really hurt!
You die...

......# .....# #.# .#
#....# #.# .# ##....##
#####.# .# ...... ...#.#
.# # #....########.#.#
.# #.#.#l............#
.#
###...#@............##.#
...................<††.#
......?[............####
.....>..................
###.#.#............#####
#.#.#............# .
..#............# #
...#............# ...
#............#


You could see an iguana.

Vanquished Creatures
  A dart slug (D:1)
  3 ball pythons
  3 endoplasms (D:1)
  3 giant cockroaches
  2 goblins (D:1)
  2 hobgoblins (D:1)
  2 jackals (D:2)
  4 quokkas
  4 bats
  3 frilled lizards (D:1)
  2 kobolds (D:1)
  2 rats (D:1)
31 creatures vanquished.

Notes
Turn   | Place    | Note
-------+----------+-------------------------------------------
     0 | D:1      | Atelerd the Octopode Earth Elementalist began the quest for
                  | the Orb.
     0 | D:1      | Reached XP level 1. HP: 11/11 MP: 3/3
   333 | D:1      | Reached XP level 2. HP: 17/17 MP: 3/5
   861 | D:1      | Reached XP level 3. HP: 21/21 MP: 4/6
   985 | D:1      | Found a faded altar of an unknown god.
  1432 | D:2      | Slain by an iguana

Illustrated notes

Levels and vault maps discovered:
D:1:      dpeg_arrival_signposts, layout_loops_ring,
          dreamdust_ecumenical_altar_hidden_monk_grotto
D:2:      layout_basic

Action                   || total
-------------------------++-------
Melee: Unarmed           ||    26
       Constrict         ||    13
       Tentacles         ||     6
 Cast: Sandblast         ||    39
 Stab: Sleeping          ||     2
Armor: Skin              ||     4
Dodge: Dodged            ||    34
